 Dungeon Crawl Stone Soup version 0.30-b1-2-g02819fbbbe (webtiles) character file.

Game seed: 207571908086821046

1464 MackTheKnife the Cleaver (level 8, -3/74 HPs)
             Began as a Minotaur Fighter on May 19, 2023.
             Was a Follower of Ru.
             Slain by a vampire (10 damage)
             ... on level 9 of the Dungeon.
             The game lasted 00:06:22 (1853 turns).

MackTheKnife the Cleaver (Minotaur Fighter)         Turns: 1853, Time: 00:06:23

Health: -3/74      AC:  8    Str: 20    XL:     8   Next: 48%
Magic:  7/7        EV:  9    Int:  5    God:    Ru [*.....]
Gold:   148        SH: 10    Dex: 13    Spells: 7/7 levels left

rFire   . . .        a - +0 war axe {axe}
rCold   . . .        c - +0 buckler
rNeg    . . .        b - +0 scale mail
rPois   .            (helmet restricted)
rElec   .            k - +0 cloak
rCorr   .            (no gloves)
SInv    +            (no boots)
Will    .....        s - amulet of reflection
Stlth   x              - ring of see invisible
HPRegen 0.32/turn    (no ring)
MPRegen 0.10/turn

%: reflection
@: no status effects
A: horns 2, no air magic, no conjurations magic, no transmutations magic,
retaliatory headbutt
a: Renounce Religion


You were on level 9 of the Dungeon.
You worshipped Ru.
Ru was aware of your devotion.
You visited 1 branch of the dungeon, and saw 9 of its levels.

You collected 148 gold pieces.


Innate Abilities, Weirdness & Mutations

You have a pair of horns on your head.
You cannot study or cast Air magic.
You cannot study or cast Conjurations magic.
You cannot study or cast Transmutations magic.
You reflexively headbutt those who attack you in melee.


   Skills:
 + Level 7.7 Fighting
 * Level 10.0 Axes
 + Level 4.5 Armour
 - Level 5.0 Shields


You had 7 spell levels left.
You didn't know any spells.
Your spell library was empty.

Inventory:

Hand Weapons
 a - a +0 war axe (weapon) {axe}
 g - a +5 falchion {long}
   (You took it off a wight on level 8 of the Dungeon)
 w - a +2 long sword {long}
   (You took it off a wight on level 8 of the Dungeon)
Armour
 b - a +0 scale mail (worn)
 c - a +0 buckler (worn)
 k - a +0 cloak (worn)
   (You found it on level 2 of the Dungeon)
Jewellery
 e - a ring of fire
   (You found it on level 1 of the Dungeon)
 s - an amulet of reflection (around neck)
   (You found it on level 4 of the Dungeon)
 x - a ring of see invisible (left hand)
   (You found it on level 9 of the Dungeon)
Scrolls
 f - a scroll of vulnerability {!r!r}
 h - a scroll of fog {unknown}
 i - 2 scrolls of poison {unknown}
 m - 2 scrolls of enchant armour {unknown}
 o - 2 scrolls of teleportation {unknown}
 p - 2 scrolls of blinking {unknown}
 r - a scroll of magic mapping {unknown}
 u - 2 scrolls of fear {unknown}
 v - a scroll of noise {unknown}
Potions
 j - a potion of brilliance {unknown}
 l - a potion of mutation {unknown}
 n - a potion of degeneration {unknown}
 t - a potion of ambrosia {unknown}

Dungeon Overview and Level Annotations

Branches:
Dungeon (9/15) Zot: 26409
 Temple: D:4-7         Lair: D:8-11         Orc: D:9-12

Altars:
Cheibriados
Kikubaaqudgha
Okawaru
Ru
Sif Muna
Wu Jian

Shops:
D:6 :

Annotations:
D:3 Terence

#...#...........#........
#...#...........#
#..##...##......# ####
#####...##..##..# ....#
........######..# ....#
.........#......# .....#
..###...##......##.....#
# ###...##.......V.....#
#.....# #..@......#
#.....######.........#
#.............##.....#
#.............########
#..............#
###...##..##..##
######..##..## #........#
#........#


You could see a vampire (invisible).


Message History

😕 HP[-4]
You take 4 damage, and now have 61/74 hp.
You hit the vampire. The vampire draws life force from you!!
The vampire is healed by the life force! 😮 HP[-17]
You take 17 damage, and now have 44/74 hp.
MASSIVE DAMAGE!! (PAUSE)
You closely miss the vampire. You headbutt the vampire.
You block the vampire's attack. x2
You hit the vampire but do no damage. The vampire hits you.
You block the vampire's attack. 😮 HP[-4]
You take 4 damage, and now have 40/74 hp.
You barely miss the vampire.
You headbutt the vampire, but do no damage.
The vampire hits you but does no damage.
You block the vampire's attack. 😮 HP[+1]
You hit the vampire. The vampire draws life force from you!
* * * LOW HITPOINT WARNING * * *
The vampire is healed by the life force! 😨 HP[-10]
You take 10 damage, and now have 31/74 hp.
You closely miss the vampire. The vampire barely misses you.
The vampire bites you!
* * * LOW HITPOINT WARNING * * *
The vampire draws strength from your injuries! 😨 HP[-10]
You take 10 damage, and now have 21/74 hp.
You hit the vampire but do no damage. You headbutt the vampire.
You redirect the vampire's attack!
The vampire hits you.
* * * LOW HITPOINT WARNING * * *
The vampire closely misses you. 😱 HP[-3]
You take 3 damage, and now have 18/74 hp.
Unknown command.
You slash the vampire!
The vampire hits you but does no damage.
The vampire bites you but does no damage.
You hit the vampire. Your headbutt misses the vampire.
The vampire casts a spell at you. You resist with some effort.
You hit the vampire. The vampire hits you!
* * * LOW HITPOINT WARNING * * *
The vampire bites you!
* * * LOW HITPOINT WARNING * * *
The vampire draws strength from your injuries! 😱 HP[-13]
You take 13 damage, and now have 5/74 hp.
You slash the vampire! Your headbutt misses the vampire.
The vampire hits you but does no damage.
The vampire closely misses you.
You feel much better. The vampire hits you.
* * * LOW HITPOINT WARNING * * *
The vampire bites you.
* * * LOW HITPOINT WARNING * * *
The vampire draws strength from your injuries! 😨 HP[+16]
You regained 16 hp, and now have 21/74 hp.
You closely miss the vampire. The vampire draws life force from you!
* * * LOW HITPOINT WARNING * * *
The vampire is healed by the life force! 😱 HP[-13]
You take 13 damage, and now have 8/74 hp.
You closely miss the vampire.
You headbutt the vampire, but do no damage.
The vampire barely misses you.
The vampire bites you but does no damage.
The vampire hits you.
* * * LOW HITPOINT WARNING * * *
The vampire bites you but does no damage. 😱 HP[-5]
You take 5 damage, and now have 3/74 hp.
Okay, then.
Okay, then.
You feel better.
The vampire begins to cast a spell, but is stunned by your conviction! 😱 HP[+6]
You regained 6 hp, and now have 9/74 hp.
You feel better.
The vampire hits you but does no damage.
You block the vampire's attack. 😱 HP[+7]
You regained 7 hp, and now have 16/74 hp.
You hit the vampire but do no damage. Your headbutt misses the vampire.
The vampire hits you.
* * * LOW HITPOINT WARNING * * *
The vampire bites you.
* * * LOW HITPOINT WARNING * * *
The vampire draws strength from your injuries! 😱 HP[-9]
You take 9 damage, and now have 7/74 hp.
You barely miss the vampire. The vampire hits you.
* * * LOW HITPOINT WARNING * * *
You block the vampire's attack. 😱 HP[-1]
You take 1 damage, and now have 6/74 hp.
You closely miss the vampire. The vampire hits you!
You die...

Skill      XL: |  1  2  3  4  5  6  7  8 |
---------------+-------------------------+-----
Axes           | 3 5 6 7 9 10 | 10.0
Fighting       | 4 5 7 |  7.7
Shields        | 4 5 |  5.0
Armour         | 4 |  4.5

Action                     |  1- 3 |  4- 6 |  7- 9 || total
---------------------------+-------+-------+-------++-------
  Melee: War axe           |    38 |    72 |   125 ||   235
         Headbutt          |     3 |     8 |    17 ||    28
 Invoke: Sacrifice Arcana  |       |       |     1 ||     1
    Use: Potion            |     1 |       |     3 ||     4
         Scroll            |       |       |     3 ||     3
 Armour: Scale mail        |    27 |    36 |    41 ||   104
  Dodge: Dodged            |    14 |    28 |    43 ||    85
  Block: Buckler           |     8 |    16 |    57 ||    81
         Reflection        |       |     1 |       ||     1

Levels and vault maps discovered:
D:1:      psy_arrival_whirlpool, layout_rooms, nrook_mini_backslash,
          hangedman_decor_slide_cut, grunt_decor_clamped,
          nicolae_concentric_dashed_squares_wild
D:2:      layout_basic
D:3:      layout_basic, lemuel_doored_altar, minmay_stone_trees_small,
          grunt_ministairs_8, uniq_natasha, uniq_terence, uniq_sigmund
D:4:      layout_rooms, corexii_checkpoint_b, uniq_eustachio
D:5:      layout_loops_ring, minivault_5, uniq_prince_ribbit1,
          uniq_blork_the_orc
D:6:      layout_basic, serial_shops, nicolae_diamond_shop, minmay_holes,
          uniq_edmund
D:7:      layout_basic, mainiacjoe_overflow_alcove_1,
          minmay_temple_entry_sparse_star
D:8:      layout_loops_ring, grunt_temple_overflow_open, corexii_corridor_pit
D:9:      layout_gridville, mainiacjoe_overflow_surrounded_room,
          serial_bayou_pond_a, ebering_dispersal_statue_hall

Notes
Turn   | Place    | Note
-------+----------+-------------------------------------------
     0 | D:1      | MackTheKnife the Minotaur Fighter began the quest for the
                  | Orb.
     0 | D:1      | Reached XP level 1. HP: 19/19 MP: 0/0
     0 | D:1      | magus.rc [v1.9.6]
    72 | D:3      | Noticed Terence
    93 | D:2      | Reached XP level 2. HP: 22/27 MP: 1/1
   116 | D:2      | Reached skill level 3 in Axes
   210 | D:3      | Reached skill level 4 in Fighting
   210 | D:3      | Reached skill level 4 in Shields
   328 | D:3      | Reached XP level 3. HP: 30/33 MP: 2/2
   335 | D:3      | Found a sacrificial altar of Ru.
   340 | D:3      | Became a worshipper of Ru the Awakened
   345 | D:3      | Identified a +2 robe of the Archmagi
   345 | D:3      | Noticed Sigmund
   354 | D:3      | Killed Sigmund
   355 | D:3      | Reached skill level 5 in Axes
   355 | D:3      | Reached XP level 4. HP: 25/41 MP: 3/3
   355 | D:3      | Reached XP level 5. HP: 29/47 MP: 4/4
   469 | D:4      | Reached skill level 5 in Fighting
   469 | D:4      | Reached skill level 5 in Shields
   487 | D:4      | Noticed a phantom
   502 | D:4      | Killed a phantom
   503 | D:4      | Reached skill level 6 in Axes
   503 | D:4      | Reached XP level 6. HP: 40/56 MP: 5/5
   569 | D:5      | Entered Level 5 of the Dungeon
   692 | D:6      | Noticed a sky beast
   711 | D:6      | Killed a sky beast
   712 | D:6      | Reached skill level 7 in Axes
   712 | D:6      | Reached XP level 7. HP: 24/62 MP: 6/6
   908 | D:6      | Reached skill level 6 in Fighting
   948 | D:6      | Identified a +2 robe of the Archmagi
   951 | D:6      | Found Viaghosi's Book Emporium.
  1030 | D:8      | Noticed a wyvern
  1030 | D:8      | Found a shimmering blue altar of Sif Muna.
  1030 | D:8      | Found an ancient bone altar of Kikubaaqudgha.
  1030 | D:8      | Found an ornate altar of the Wu Jian Council.
  1030 | D:8      | Found an iron altar of Okawaru.
  1040 | D:7      | Killed a wyvern
  1041 | D:7      | Reached skill level 8 in Axes
  1209 | D:8      | Found a snail-covered altar of Cheibriados.
  1214 | D:8      | Identified the +4 whip of the Original Sin {pain, rC+ rN+
                  | SInv}
  1247 | D:8      | Gained mutation: You cannot study or cast Air magic. [Ru
                  | sacrifice]
  1247 | D:8      | Gained mutation: You cannot study or cast Transmutations
                  | magic. [Ru sacrifice]
  1247 | D:8      | Gained mutation: You cannot study or cast Conjurations
                  | magic. [Ru sacrifice]
  1247 | D:8      | Reached * piety under Ru
  1345 | D:8      | Noticed a hornet
  1378 | D:7      | Reached skill level 7 in Fighting
  1386 | D:7      | Reached skill level 9 in Axes
  1386 | D:7      | Reached XP level 8. HP: 33/73 MP: 7/7
  1673 | D:8      | Reached skill level 4 in Armour
  1697 | D:8      | Killed a hornet
  1698 | D:8      | Reached skill level 10 in Axes
  1841 | D:9      | HP: 18/74 [vampire (4)]
  1844 | D:9      | HP: 5/74 [vampire (7)]
  1851 | D:9      | HP: 13/74 [vampire (3)]
  1852 | D:9      | HP: 6/74 [vampire (1)]
  1853 | D:9      | Slain by a vampire

Vanquished Creatures
  A hornet (D:8)
  Sigmund (D:3)
  A wyvern (D:7)
  A sky beast (D:6)
  A phantom (D:4)
  A kobold brigand (D:7)
  A bullfrog (D:8)
  2 scorpions
  3 wights (D:8)
  3 hounds
  3 jellies
  An orc priest (D:6)
  A gnoll bouda (D:8)
  2 iguanas (D:7)
  An orc wizard (D:8)
  3 gnolls (D:8)
  2 adders (D:3)
  3 white imps
  A dart slug (D:5)
  8 orcs
  2 ball pythons (D:3)
  3 endoplasms
  A giant cockroach (D:2)
  2 hobgoblins (D:3)
  5 kobolds
  2 quokkas
  5 bats
  2 frilled lizards
  A rat (D:3)
63 creatures vanquished.

Table legend:
 A = Non-vault XP
 B = Vault XP
 C = Vault XP percentage of total XP
 D = Non-vault monster count
 E = Vault monster count
 F = Vault count percentage of total count
                 A         B        C        D         E       F
            +---------+---------+-------+---------+---------+-------
      Total |    1855 |     237 |  11.3 |      60 |       3 |   4.8
            +---------+---------+-------+---------+---------+-------
        D:2 |      12 |       0 |   0.0 |       7 |       0 |   0.0
        D:3 |      33 |     237 |  87.8 |      12 |       3 |  20.0
        D:4 |     157 |       0 |   0.0 |       6 |       0 |   0.0
        D:5 |     140 |       0 |   0.0 |       4 |       0 |   0.0
        D:6 |     253 |       0 |   0.0 |       5 |       0 |   0.0
        D:7 |     539 |       0 |   0.0 |       8 |       0 |   0.0
        D:8 |     721 |       0 |   0.0 |      18 |       0 |   0.0
            +---------+---------+-------+---------+---------+-------

Skill      XL: |  1  2  3  4  5  6  7  8 |
---------------+-------------------------+-----
Axes           | 3 5 6 7 9 10 | 10.0
Fighting       | 4 5 7 |  7.7
Shields        | 4 5 |  5.0
Armour         | 4 |  4.5

Action                     |  1- 3 |  4- 6 |  7- 9 || total
---------------------------+-------+-------+-------++-------
  Melee: War axe           |    38 |    72 |   125 ||   235
         Headbutt          |     3 |     8 |    17 ||    28
 Invoke: Sacrifice Arcana  |       |       |     1 ||     1
    Use: Potion            |     1 |       |     3 ||     4
         Scroll            |       |       |     3 ||     3
 Armour: Scale mail        |    27 |    36 |    41 ||   104
  Dodge: Dodged            |    14 |    28 |    43 ||    85
  Block: Buckler           |     8 |    16 |    57 ||    81
         Reflection        |       |     1 |       ||     1

Illustrated notes

Table legend:
 A = Kills in this place as a percentage of kills in the entire game.
 B = Kills by you in this place as a percentage of kills by you in the entire game.
 C = Kills by friends in this place as a percentage of kills by friends in the entire game.
 D = Other kills in this place as a percentage of other kills in the entire game.
 E = Experience gained in this place as a percentage of experience gained in the entire game.
 F = Experience gained in this place divided by the number of levels of this place that you have seen.
                   A       B       C       D       E      F
               +-------+-------+-------+-------+-------+----------------------
         Total | 100.0 | 100.0 |   N/A |   N/A | 100.0 | 232.4
       Dungeon | 100.0 | 100.0 |   N/A |   N/A | 100.0 | 232.4
               +-------+-------+-------+-------+-------+----------------------

Table legend: (Time is in decaauts)
 A = Elapsed time spent in this place.
 B = Non-inter-level travel time spent in this place.
 C = Inter-level travel time spent in this place.
 D = Time resting spent in this place.
 E = Time spent auto-exploring this place.
 F = Levels seen in this place.
 G = Mean time per level.
                   A        B        C        D        E       F      G
               +--------+--------+--------+--------+--------+-----+--------+
         Total |   1896 |   1881 |     15 |    407 |     66 |   9 |  210.7 |
       Dungeon |   1896 |   1881 |     15 |    407 |     66 |   9 |  210.7 |
               +--------+--------+--------+--------+--------+-----+--------+

Top non-repeatable levels by time:
     D:7: 423 daAuts
     D:8: 351 daAuts
     D:6: 342 daAuts
     D:3: 315 daAuts
     D:4: 127 daAuts
     D:2: 123 daAuts
     D:9: 115 daAuts
     D:5: 68 daAuts
     D:1: 28 daAuts
